 Dungeon Crawl Stone Soup version 0.18.1-48-g4cf74bf (webtiles) character file.

4519 Heedrag the Destroyer (level 10, -3/50 HPs)
             Began as a Deep Elf Conjurer on July 30, 2016.
             Was a Priest of Vehumet.
             Slain by a yak (7 damage)
             ... on level 7 of the Dungeon.
             The game lasted 00:27:10 (9688 turns).

Heedrag the Destroyer (Deep Elf Conjurer)           Turns: 9688, Time: 00:27:11

Health: -3/50      AC:  7    Str:  8    XL:     10   Next: 17%
Magic:  13/26      EV: 13    Int: 25    God:    Vehumet [***...]
Gold:   217        SH:  0    Dex: 15    Spells: 7 memorised, 9 levels left

rFire  . . .     SeeInvis .     A - +1 halberd (protect)
rCold  . . .     Gourm    .     a - +0 robe
rNeg   . . .     Faith    .     (shield currently unavailable)
rPois  .         Spirit   .     (no helmet)
rElec  .         Dismiss  .     (no cloak)
rCorr  .         Reflect  .     (no gloves)
SustAt .         Harm     .     (no boots)
MR     +....                    e - amulet of rage
Stlth  +.........               K - ring of loudness (curse)
                                M - +4 ring of intelligence

@: somewhat resistant to hostile enchantments, very unstealthy
A: no striking features
a: Renounce Religion, Evoke Berserk Rage


You were on level 7 of the Dungeon.
You worshipped Vehumet.
Vehumet was most pleased with you.
You were hungry.

You visited 2 branches of the dungeon, and saw 9 of its levels.

You collected 322 gold pieces.
You spent 105 gold pieces at shops.

Inventory:

Hand Weapons
 h - a +3 hand axe
 k - a +0 dagger of speed
 t - a +0 quarterstaff of speed
 v - a +0 dagger of flaming
 A - a +1 halberd of protection (weapon)
Armour
 a - a +0 robe (worn)
 l - a fire dragon hide
 y - the cursed +0 ring mail of Kiont {rElec rF- rC+ Regen+}
   (You took it off a kobold on level 4 of the Dungeon)

   It makes you vulnerable to fire.
   It protects you from cold.
   It insulates you from electricity.
   It increases your rate of regeneration.
   It has a curse placed upon it.
Jewellery
 e - an amulet of rage (around neck)
 E - an uncursed ring of resist corrosion
 K - a cursed ring of loudness (right hand)
 M - a +4 ring of intelligence (left hand)
Wands
 n - a wand of flame (17/48)
 L - a wand of teleportation (5/9)
 N - a wand of slowing (17/48)
Scrolls
 d - a scroll of immolation {unknown}
 g - 2 scrolls of teleportation
 j - 2 scrolls of recharging {unknown}
 m - a scroll of amnesia {unknown}
 o - a scroll of enchant weapon {unknown}
 p - 5 scrolls of identify
 s - 2 scrolls of blinking
 w - a scroll of remove curse {unknown}
 x - a scroll of fear {unknown}
 H - a scroll of magic mapping {unknown}
 J - a scroll of enchant armour {unknown}
Potions
 f - a potion of lignification
 i - 3 potions of curing {unknown}
 q - a potion of flight {unknown}
 r - a potion of invisibility {unknown}
 z - a potion of might {unknown}
 D - a potion of ambrosia {unknown}
 F - 2 potions of mutation {unknown}
 G - a potion of haste {unknown}
Books
 b - a book of Conjurations

   Spells                             Type                      Level
   a - Magic Dart                     Conjuration                  1
   b - Searing Ray                    Conjuration                  2
   c - Dazzling Spray                 Conjuration/Hexes            3
   d - Fulminant Prism                Conjuration/Hexes            4
   e - Iskenderun's Mystic Blast      Conjuration                  4
   f - Iskenderun's Battlesphere      Conjuration/Charms           5
 C - a book of Battle

   Spells                             Type                      Level
   a - Infusion                       Charms                       1
   b - Shroud of Golubria             Charms/Translocation         2
   c - Song of Slaying                Charms                       2
   d - Spectral Weapon                Hexes/Charms                 3
   e - Regeneration                   Charms/Necromancy            3
 I - a book of Summonings

   Spells                             Type                      Level
   a - Recall                         Summoning/Translocation      3
   b - Aura of Abjuration             Summoning                    5
   c - Summon Demon                   Summoning                    5
   d - Summon Forest                  Summoning/Translocation      5
   e - Summon Mana Viper              Hexes/Summoning              5
   f - Shadow Creatures               Summoning                    6
Comestibles
 c - 9 bread rations
 u - a fruit
 B - 2 royal jellies


   Skills:
 - Level 2.4 Dodging
 - Level 2.4 Stealth
 + Level 10.2 Spellcasting
 * Level 12.2 Conjurations
 + Level 9.8 Charms


You had 9 spell levels left.
You knew the following spells:

 Your Spells              Type           Power        Failure   Level  Hunger
a - Magic Dart            Conj           ####         1%          1    None
b - Dazzling Spray        Conj/Hex       #####.       1%          3    None
c - Iskenderun's Mystic   Conj           ######..     1%          4    None
d - Iskenderun's Battles  Conj/Chrm      ######..     1%          5    ####...
e - Throw Flame           Conj/Fire      #####.       1%          2    None
f - Shroud of Golubria    Chrm/Tloc      #####.....   1%          2    None
g - Regeneration          Chrm/Necr      #####.....   1%          3    None


Dungeon Overview and Level Annotations

Branches:
Dungeon (8/15)             Temple (1/1) D:5
   Lair: D:8-11

Altars:
Ashenzari
Cheibriados
Dithmenos
Elyvilon
Fedhas
Gozag
Kikubaaqudgha
Makhleb
Nemelex Xobeh
Okawaru
Pakellas
Qazlal
Ru
Sif Muna
Trog
Vehumet
Xom
Yredelemnul
Zin
The Shining One

Shops:
D:4 ?

Annotations:
D:3 exclusion: downstairs


Message History

Tha barrage o' energy hits tha yak.
Tha yak be lightly wounded.
Tha yak closely misses ye.
Unknown command.
Castin': Magic Dart Confirm wit' . or Enter, or press ? or * ta list all spells.
Aimin': Iskenderun's Mestic Blast
Press: ? - help, Shift-Dir - straight line, f/p - yak
Aim: a yak (lightly wounded) Tha orb o' energy hits tha yak.
Tha yak be moderately wounded.
Tha yak gores ye!
* * * LOW HITPOINT WARNIN'
* * * Tha yak gores ye.
* * * LOW HITPOINT WARNIN'
* * * Yer battlesphere fires!
Tha barrage o' energy hits tha yak.
Tha yak be severely wounded.
Tha yak gores ye!
Ye die...

#######........#................#
#######.....)..#.................
..........>........###...........
.....................#...........
......#........##....#........)..
......##..##..###....#...........
......######### #....############
......###########Y...############
................@Y...............
#####......######....#######.....
#####..# #...*# #.....
#..######....#######.....
#..##....................
#.)...............##.....
#########.###.###########.#######
..............# #.#......
..............# #.#......


You could see 2 yaks and a friendly battlesphere.

Vanquished Creatures
  5 yaks (D:8)
  A spriggan (D:7)
  Eustachio (D:5)
  2 hungry ghosts
  Edmund (D:4)
  2 porcupines (D:8)
  Duvessa (D:4)
  2 ice beasts (D:8)
  2 orc warriors
  A sky beast (D:6)
  A black bear (D:6)
  A phantom (D:7)
  2 ogres (D:7)
  A crocodile (D:8)
  Blork the orc (D:4)
  3 giant frogs
  Dowan (D:4)
  2 scorpions (D:7)
  A howler monkey (D:7)
  3 crimson imps
  2 jellies
  A centaur zombie (D:6)
  5 hounds
  A centaur skeleton (D:7)
  A gnoll shaman (D:5)
  5 orc priests
  8 orc wizards
  Jessica (D:2)
  Terence (D:3)
  4 iguanas
  3 worker ants
  3 hound skeletons
  2 worker ant zombies (D:7)
  12 gnolls
  13 adders
  4 river rats (D:8)
  2 oozes
  2 adder skeletons
  3 worms
  A dart slug (D:2)
  6 giant geckos
  27 orcs
  A bat zombie (D:2)
  9 giant cockroaches
  7 hobgoblins
  15 jackals
  3 quokkas
  A ball python (D:4)
  9 bats
  13 goblins
  3 hobgoblin zombies (D:4)
  4 kobolds
  2 kobold skeletons (D:4)
  2 kobold zombies (D:4)
  An orc skeleton (D:4)
  An orc zombie (D:4)
  A quokka zombie (D:6)
  11 rats
  A rat zombie (D:2)
225 creatures vanquished.

Vanquished Creatures (others)
  A fungus (D:8)
  A plant (D:8)
2 creatures vanquished.

Grand Total: 227 creatures vanquished

Notes
Turn   | Place    | Note
--------------------------------------------------------------
     0 | D:1      | Heedrag the Deep Elf Conjurer began the quest for the Orb.
     0 | D:1      | Reached XP level 1. HP: 10/10 MP: 6/6
   178 | D:1      | Reached XP level 2. HP: 15/15 MP: 4/8
   280 | D:1      | Reached skill level 5 in Conjurations
   694 | D:2      | Reached XP level 3. HP: 19/19 MP: 7/10
   699 | D:2      | Learned a level 3 spell: Dazzling Spray
   817 | D:2      | Found a glowing silver altar of Zin.
   820 | D:2      | Found a sacrificial altar of Ru.
   823 | D:2      | Found a snail-covered altar of Cheibriados.
   841 | D:2      | Noticed Jessica
   845 | D:2      | Killed Jessica
  1007 | D:2      | Reached XP level 4. HP: 20/24 MP: 7/12
  1175 | D:2      | Reached skill level 6 in Conjurations
  1197 | D:2      | Learned a level 4 spell: Iskenderun's Mystic Blast
  1524 | D:2      | Found an ancient bone altar of Kikubaaqudgha.
  1725 | D:2      | Reached XP level 5. HP: 28/28 MP: 9/14
  1733 | D:2      | Learned a level 5 spell: Iskenderun's Battlesphere
  1874 | D:3      | Noticed Terence
  2006 | D:3      | Reached skill level 1 in Charms
  2131 | D:3      | Found a bloodstained altar of Trog.
  2133 | D:3      | Found a radiant altar of Vehumet.
  2136 | D:3      | Found a stormy altar of Qazlal.
  2201 | D:3      | Became a worshipper of Vehumet
  2513 | D:3      | Reached skill level 5 in Spellcasting
  2705 | D:3      | Killed Terence
  2844 | D:3      | Found an oddly glowing altar of Pakellas.
  2937 | D:3      | Reached XP level 6. HP: 31/32 MP: 2/15
  3308 | D:4      | Reached skill level 7 in Conjurations
  3414 | D:4      | Reached * piety under Vehumet
  3414 | D:4      | Offered knowledge of Sting by Vehumet.
  3647 | D:4      | Found Vaot's Magic Scroll Emporium.
  3658 | D:4      | Noticed a hungry ghost
  3707 | D:4      | Noticed Duvessa
  3707 | D:4      | Noticed Dowan
  3983 | D:4      | Reached XP level 7. HP: 18/36 MP: 2/17
  4453 | D:4      | Bought a scroll of teleportation for 30 gold pieces
  4453 | D:4      | Bought a scroll of blinking for 75 gold pieces
  4680 | D:4      | Killed a hungry ghost
  4680 | D:4      | Reached skill level 8 in Conjurations
  4872 | D:4      | Found a glowing golden altar of the Shining One.
  4900 | D:4      | Reached skill level 5 in Charms
  5068 | D:4      | Noticed Blork the orc
  5075 | D:4      | Killed Blork the orc
  5078 | D:4      | Noticed Edmund
  5098 | D:5      | Entered Level 5 of the Dungeon
  5187 | D:5      | Noticed Eustachio
  5194 | D:5      | Killed Eustachio
  5194 | D:5      | Reached XP level 8. HP: 41/41 MP: 8/20
  5248 | D:5      | Reached ** piety under Vehumet
  5248 | D:5      | Offered knowledge of Throw Flame by Vehumet.
  5494 | D:3      | Learned a level 2 spell: Throw Flame
  5716 | D:4      | Reached skill level 9 in Conjurations
  5754 | D:4      | Killed Edmund
  5882 | D:4      | Got a scorched ring mail
  5963 | D:4      | Killed Duvessa
  5965 | D:4      | Killed Dowan
  6026 | D:4      | Found Vaot's Magic Scroll Emporium.
  6250 | D:5      | Found an opulent altar of Gozag.
  6277 | D:5      | Found a shattered altar of Ashenzari.
  6424 | D:5      | Found a staircase to the Ecumenical Temple.
  6493 | Temple   | Entered the Ecumenical Temple
  6619 | D:5      | Found a shadowy altar of Dithmenos.
  7022 | D:6      | Offered knowledge of Conjure Flame by Vehumet.
  7022 | D:6      | Reached skill level 10 in Conjurations
  7293 | D:6      | Reached XP level 9. HP: 45/45 MP: 17/23
  7661 | D:7      | Learned a level 2 spell: Shroud of Golubria
  7665 | D:7      | Learned a level 3 spell: Regeneration
  7913 | D:7      | Reached *** piety under Vehumet
  8584 | D:7      | Found a deep blue altar of Sif Muna.
  8619 | D:7      | Reached skill level 11 in Conjurations
  8750 | D:7      | Identified the cursed +0 ring mail of Kiont {rElec rF- rC+ Regen+} (You took it off a kobold on level 4 of the Dungeon)
  8970 | D:7      | Offered knowledge of Inner Flame by Vehumet.
  9190 | D:8      | Found an iron altar of Okawaru.
  9246 | D:8      | Reached skill level 10 in Spellcasting
  9295 | D:8      | Reached XP level 10. HP: 50/50 MP: 11/26
  9298 | D:8      | Reached skill level 12 in Conjurations
  9688 | D:7      | Slain by a yak

Skill      XL: |  1  2  3  4  5  6  7  8  9 10 |
---------------+-------------------------------+-----
Conjurations   | 5 6 7 8 10 11 12 | 12.2
Spellcasting   | 4 5 6 8 10 | 10.2
Charms         | 2 4 5 7 9 |  9.8
Dodging        | |  2.4
Stealth        | |  2.4

Action                   |  1- 3 |  4- 6 |  7- 9 | 10-12 || total
-------------------------+-------+-------+-------+-------++-------
Melee: Unarmed           |     1 |       |       |       ||     1
       Hand axe          |     8 |    27 |     5 |       ||    40
       Halberd           |       |       |    13 |       ||    13
 Cast: Magic Dart        |    46 |   181 |   348 |    18 ||   593
       Dazzling Spray    |       |    18 |     8 |       ||    26
       Iskenderun's Myst |       |     1 |     4 |     1 ||     6
       Iskenderun's Batt |       |       |    28 |     4 ||    32
       Throw Flame       |       |       |     2 |       ||     2
  Use: Potion            |       |     1 |       |       ||     1
       Scroll            |       |       |     1 |       ||     1
 Stab: Invisible         |       |     2 |     1 |       ||     3
       Sleeping          |       |     1 |       |       ||     1
  Eat: Chunk             |       |    10 |    16 |     1 ||    27
       Beef jerky        |       |       |     1 |       ||     1
       Pizza             |       |       |     1 |       ||     1
       Meat ration       |       |       |     1 |       ||     1
Armor: Robe              |     3 |    10 |    22 |     1 ||    36
Dodge: Dodged            |    13 |    53 |    68 |     6 ||   140
